cohdb
Replays
Latest Replays
All Replays
Popular Replays
Top Player Replays
Match Explorer
How It Works
Community
CoH3 Stats
Reddit
Sign in to upload your games and track your stats! →
Sign in with Steam
Match 41125929
Unlisted
Match 41125929
Overview
Messages
Build Orders
End
Selects Armored Battlegroup
Selects Assault Engineers
Assault Engineer Squad
Assault Engineer Squad
Construct Barracks
1⁄4-ton 4x4 Truck
Riflemen Squad
Selects M31 Recovery Vehicle
Mortar Pit
Riflemen Squad
Infantry Support Center
Construct Medical Station
Mortar Pit
Construct Tank Depot
Selects War Machine
M18 Hellcat Tank Destroyer
M18 Hellcat Tank Destroyer
.30 cal Machine Gun
Mortar Pit
Dante Alighieri
Agua de Jamaica
SASU
Cozier Conch
Germal
HuntingEVER
0
0
Comments
sign in to comment!
No comments posted yet!